 Dungeon Crawl Stone Soup version 0.25.1-2-g60ff931df9 (webtiles) character file.

Game seed: 3960425615039879303

124 hellfireifrit the Ruffian (level 4, -1/35 HPs)
             Began as a Draconian Transmuter on Nov 1, 2020.
             Hit by a stone thrown by an orc (2 damage)
             ... on level 4 of the Dungeon.
             The game lasted 00:22:12 (3363 turns).

hellfireifrit the Ruffian (Draconian Transmuter)    Turns: 3363, Time: 00:22:13

Health: -1/35      AC:  5    Str: 13    XL:     4   Next: 81%
Magic:  5/7        EV: 13    Int: 13    God:
Gold:   100        SH:  0    Dex: 12    Spells: 3/7 levels left

rFire    . . .     SeeInvis .     - Unarmed
rCold    . . .     Gourm    .   (no shield)
rNeg     . . .     Faith    .   (armour unavailable)
rPois    .         Spirit   .   (helmet restricted)
rElec    .         Reflect  .   (no cloak)
rCorr    .         Harm     .   (no gloves)
MR       .....                  (no boots)
Stlth    ++........             (no amulet)
HPRegen  0.11/turn              (no ring)
MPRegen  0.10/turn              (no ring)

@: no status effects
A: unfitting armour, cold-blooded, AC +5
a: no special abilities


You were on level 4 of the Dungeon.
You were full.

You visited 1 branch of the dungeon, and saw 4 of its levels.

You collected 100 gold pieces.

Inventory:

Hand Weapons
 f - a +0 dagger
 n - a +0 dagger
 o - a cursed -3 falchion
Missiles
 a - 18 arrows
 i - 9 poisoned darts (quivered)
Armour
 m - a +0 ring mail
 q - a +0 robe
 r - a +0 scale mail
 u - a +0 scale mail
Jewellery
 c - an uncursed ring of flight {unknown}
 t - an uncursed ring of ice {unknown}
 z - an uncursed ring of poison resistance {unknown}
Scrolls
 d - 5 scrolls of identify
 e - 4 scrolls of enchant weapon
 j - a scroll of fog {unknown}
 k - 2 scrolls of remove curse {unknown}
 v - a scroll of magic mapping {unknown}
 x - a scroll of immolation {unknown}
 y - a scroll of noise {unknown}
Potions
 b - 5 potions of curing {unknown}
 h - a potion of flight {unknown}
 l - a potion of haste {unknown}
 p - a potion of brilliance {unknown}
 s - 3 potions of mutation {unknown}
 w - a potion of degeneration {unknown}


   Skills:
 + Level 1.1 Fighting
 + Level 1.0 Throwing
 + Level 2.6 Dodging
 + Level 1.0 Stealth
 + Level 4.1 Unarmed Combat
 + Level 2.4 Spellcasting
 + Level 2.4 Transmutations


You had 3 spell levels left.
You knew the following spells:

 Your Spells              Type           Power        Failure   Level  Hunger
a - Beastly Appendage     Tmut           #.....       9%          1    #......
b - Sticks to Snakes      Tmut           #.......     14%         2    ###....
c - Apportation           Tloc           #.....       24%         1    #......

Your spell library contained the following spells:

 Spells                   Type           Power        Failure   Level  Hunger
 Animate Skeleton         Necr           N/A          24%         1    #......
 Corona                   Hex            #......      24%         1    #......
 Summon Small Mammal      Summ           #...         24%         1    #......
 Spider Form              Tmut/Pois      #.........   41%         3    ###....
 Ice Form                 Ice/Tmut       #.......     83%         4    #####..
 Blade Hands              Tmut           #.........   94%         5    ######.


Dungeon Overview and Level Annotations

Branches:
Dungeon (4/15)
 Temple: D:4-7

Altars:
Fedhas
Zin


Innate Abilities, Weirdness & Mutations

Your plain brown scales are hard. (AC +5)
You cannot fit into any form of body armour.
You are cold-blooded and may be slowed by cold attacks.


Message History

An orc comes into view. It is wielding a +0 club.
As you read the scroll of teleportation, it crumbles to dust.
You feel strangely stable.
The orc zaps a wand.
You resist with some effort.
Unknown command.
Casting: Beastly Appendage (safe; 9% risk of failure)
Confirm with . or Enter, or press ? or * to list all spells.
You create a snake!
You now have 18 arrows.
The orc shouts!
You hear a shout!
The orc throws a stone.
The stone hits you.
* * * LOW HITPOINT WARNING * * *
You hit the orc priest but do no damage.
The orc priest hits you with a +0 club.
* * * LOW HITPOINT WARNING * * *
An orc comes into view. It is wielding a +1 vorpal hand axe.
Your ball python closely misses the orc priest.
Your ball python barely misses the orc priest.
The orc hits your ball python with a cursed +0 dagger.
Your ball python dies!
The orc throws a stone.
The stone hits you.
You die...

# ########....#
##.########### .
####...........##..
####....####......%...
##....#### #...........
#####..#########...o.......
#.........#....(...o.......
#..##............o..........
#............@.o.o..........
###........................
#........................
#..................^.##..
#...............###### ##
##.......).....##
##.....#.....##
#############


You could see an orc priest and 4 orcs.

Vanquished Creatures
  An adder (D:3)
  2 oozes
  3 worms (D:3)
  3 dart slugs (D:1)
  2 leopard geckos (D:3)
  4 orcs (D:3)
  A ball python (D:3)
  2 giant cockroaches
  7 goblins
  6 hobgoblins
  3 jackals (D:1)
  10 kobolds
  12 bats
  4 frilled lizards
  11 rats
71 creatures vanquished.

Vanquished Creatures (collateral kills)
  2 adders (D:3)
  A worm (D:2)
  An orc (D:3)
  A giant cockroach (D:3)
  A rat (D:3)
6 creatures vanquished.

Grand Total: 77 creatures vanquished

Notes
Turn   | Place    | Note
-------+----------+-------------------------------------------
     0 | D:1      | hellfireifrit the Draconian Transmuter began the quest for
                  | the Orb.
     0 | D:1      | Reached XP level 1. HP: 16/16 MP: 3/3
   124 | D:1      | Reached XP level 2. HP: 13/23 MP: 5/5
  1013 | D:1      | Reached XP level 3. HP: 28/28 MP: 6/6
  1527 | D:2      | Learned a level 2 spell: Sticks to Snakes
  1532 | D:2      | Learned a level 1 spell: Apportation
  1970 | D:2      | Reached skill level 1 in Throwing
  2224 | D:3      | Reached XP level 4. HP: 35/35 MP: 1/7
  2294 | D:3      | Reached skill level 1 in Stealth
  2416 | D:3      | Found a blossoming altar of Fedhas.
  2420 | D:3      | Reached skill level 4 in Unarmed Combat
  3177 | D:3      | Found a glowing silver altar of Zin.
  3360 | D:4      | HP: 1/35 [orc priest/+0 club (4)]
  3363 | D:4      | Hit by a stone thrown by an orc

Illustrated notes

Levels and vault maps discovered:
D:1:      minmay_arrival_checkered_box, layout_basic, chequers_garden,
          corexii_leaking_fountain, minivault_25
D:2:      layout_loops_corners
D:3:      layout_rooms, lemuel_round_altar, fedhas_altar_3
D:4:      layout_rooms, marbit_many_paths, temple_hall, first_ration,
          uniq_edmund, uniq_menkaure

Skill      XL: |  1  2  3  4 |
---------------+-------------+-----
Dodging        | 2 |  2.6
Throwing       | 1 |  1.0
Stealth        | 1 |  1.0
Unarmed Combat | 4 |  4.1
Fighting       | |  1.1
Spellcasting   | |  2.4
Transmutations | |  2.4

Action                   |  1- 3 |  4- 6 || total
-------------------------+-------+-------++-------
Melee: Unarmed           |   142 |    84 ||   226
       Tailslap          |    17 |    14 ||    31
       Headbutt          |     1 |       ||     1
       Kick              |     3 |     2 ||     5
       Punch             |     2 |     1 ||     3
Throw: Dart              |    28 |       ||    28
 Cast: Beastly Appendage |     7 |     3 ||    10
       Sticks to Snakes  |     6 |     5 ||    11
  Use: Scroll            |       |     3 ||     3
 Stab: Sleeping          |     1 |     1 ||     2
  Eat: Ration            |     2 |     2 ||     4
Armor: Skin              |    45 |    14 ||    59
Dodge: Dodged            |    85 |    43 ||   128
